 Dungeon Crawl Stone Soup version 0.28.0-1-gb440e238dd (webtiles) character file.

Game seed: 17046725432616533901

29 cbfl8 the Sneak (level 3, -1/33 HPs)
             Began as a Minotaur Delver on Feb 24, 2022.
             Engulfed by a cloud of freezing vapour (8 damage)
             ... on level 6 of the Dungeon.
             The game lasted 00:00:37 (121 turns).

cbfl8 the Sneak (Minotaur Delver)                    Turns: 121, Time: 00:00:38

Health: -1/33      AC:  6    Str: 18    XL:     3   Next: 1%
Magic:  2/2        EV: 11    Int:  7    God:
Gold:   7          SH:  0    Dex: 11    Spells: 2/2 levels left

rFire   . . .      SeeInvis .   a - +0 hand axe
rCold   . . .      Faith    .   (no shield)
rNeg    . . .      Spirit   .   i - +1 ring mail {rPois}
rPois   +          Reflect  .   (helmet restricted)
rElec   .          Harm     .   (no cloak)
rCorr   .          Rampage  .   (no gloves)
Will    .....                   (no boots)
Stlth   ++........              (no amulet)
HPRegen 0.11/turn               (no ring)
MPRegen 0.08/turn               (no ring)

@: no status effects
A: horns 2, retaliatory headbutt
a: no special abilities


You were on level 6 of the Dungeon.
You visited 1 branch of the dungeon, and saw 2 of its levels.

You collected 7 gold pieces.

Inventory:

Hand Weapons
 a - a +0 hand axe (weapon)
Armour
 b - a +0 leather armour
 i - a +1 ring mail of poison resistance (worn)
Wands
 g - a wand of digging (3)
 j - a wand of iceblast (11)
Scrolls
 c - a scroll of fog
 d - a scroll of magic mapping
 e - a scroll of fear
 k - a scroll of teleportation {unknown}
 l - a scroll of immolation {unknown}
Potions
 f - a potion of haste
 h - a potion of cancellation {unknown}


   Skills:
 + Level 3.9 Fighting
 + Level 2.5 Axes
 + Level 2.3 Dodging
 + Level 4.7 Stealth


You had 2 spell levels left.
You didn't know any spells.
Your spell library was empty.

Dungeon Overview and Level Annotations

Branches:
Dungeon (6/15)
 Temple: D:4-7

Altars:


Innate Abilities, Weirdness & Mutations

You have a pair of horns on your head.
You reflexively headbutt those who attack you in melee.


Message History

j - a wand of iceblast (11)
A hound comes into view.
You see here a scroll labelled WOPREEVVAUME.
k - a scroll labelled WOPREEVVAUME The hound barks!
The hound barely misses you.
You miss the hound. The hound bites you but does no damage.
The hound closely misses you.
You hit the hound. You headbutt the hound.
The hound is heavily wounded.
The hound bites you but does no damage.
You closely miss the hound.
The hound is heavily wounded.
The hound bites you. The hound misses you.
You slash the hound! Your headbutt misses the hound.
The hound is almost dead.
The hound bites you but does no damage. The hound bites you.
You miss the hound. You headbutt the hound.
You kill the hound!
You have reached level 2!
You have reached level 3!
Your experience leads to an increase in your attributes!
Increase (S)trength, (I)ntelligence, or (D)exterity?
You feel stronger. x2
You now have 7 gold pieces.
Found a scroll labelled INOTEU DOEL and 16 gold pieces.
Found 16 gold pieces.
l - a scroll labelled INOTEU DOEL You open the door.
There is an open door here.
You open the door.
There is an open door here.
You open the door.
There is an open door here.
Really walk into a travel-excluded area?
You are engulfed in freezing vapours.
Ouch! That really hurt!
* * * LOW HITPOINT WARNING * * *
You are engulfed in freezing vapours.
You die...

#.#.#...........#
######.#.#...........#
#......#<#.........###
#.########.####'####
#..........####.#
#####################.###
#....○○○.......$$$$$#...#
#.#####################.#
#.°......☼☼☼☼☼☼☼@☼..###.#
##################'####.#
##################......#
##.##### #.# #.. ####


There were no monsters in sight!

Vanquished Creatures
  A hound (D:6)
1 creature vanquished.

Notes
Turn   | Place    | Note
-------+----------+-------------------------------------------
     0 | D:5      | cbfl8 the Minotaur Delver began the quest for the Orb.
     0 | D:5      | Reached XP level 1. HP: 19/19 MP: 0/0
     6 | D:5      | Noticed a scorpion
    36 | D:6      | Noticed a hound
    45 | D:6      | Killed a hound
    46 | D:6      | Reached XP level 2. HP: 25/27 MP: 1/1
    46 | D:6      | Reached XP level 3. HP: 30/33 MP: 2/2
   121 | D:6      | Engulfed by a cloud of freezing vapour

Illustrated notes

Levels and vault maps discovered:
D:5:      layout_rooms, serial_corexii_hall, chequers_hall_statues_wall_a,
          corexii_hall_statues_i, chequers_hall_statues_corner_a,
          corexii_hall_statues_i, corexii_hall_statues_s,
          corexii_hall_statues_l, chequers_serial_rivers_small_b, uniq_menkaure,
          uniq_eustachio, uniq_grinder
D:6:      lemuel_ice_spiral_2, layout_basic, minmay_temple_entry_overgrown,
          grunt_decor_mini_mirrors

Action                   || total
-------------------------++-------
Melee: Hand axe          ||     5
       Headbutt          ||     2
Armor: Ring mail         ||     3
Dodge: Dodged            ||     3
